[Event "Frauenbundesliga 2021-22"]
[Site "Germany"]
[Date "2022.05.29"]
[Round "11.4"]
[White "Adamowicz, Katarzyna"]
[Black "Schulz, Petra"]
[Result "1/2-1/2"]
[ECO "C16"]
[WhiteElo "2108"]
[BlackElo "1996"]
[Annotator "TA"]
[PlyCount "130"]
[EventDate "2021.11.26"]
[EventType "team-tourn"]
[EventCountry "GER"]
[SourceTitle "playchess.com"]
[Source "ChessBase"]
[SourceQuality "1"]
[WhiteTeam "Harksheide"]
[BlackTeam "Leipzig"]
[TimeControl "40/5400+30:1800+30"]

1. e4 e6 2. d4 d5 3. Nc3 Bb4 4. e5 Qd7 5. a3 Bxc3+ 6. bxc3 b6 7. a4 Ba6 8. Bxa6 Nxa6 9. Qd3 Nb8 10. h4 {[%emt 0:04:00] C16: French: 3 Nc3 Bb4 4 e5: Lines without ...c5.} (10. Qg3 $5 Kf8 11. Qd3 $11) 10... Nc6 11. h5 (11. Qg3 $5 f6 12. Nf3 $11) 11... f6 {[%emt 0:07:09] [#]} 12. h6 $146 (12. Nf3 $11) ({Predecessor:} 12. Nf3 fxe5 13. dxe5 h6 14. a5 Nge7 15. axb6 cxb6 16. g4 Rf8 17. g5 hxg5 18. Nxg5 {1-0 (33) Smerdon,D (2403)-Johansen,D (2483) Melbourne 2004}) 12... fxe5 $17 13. dxe5 gxh6 (13... Nxe5 $2 14. Qd4 Nxh6 15. Qxe5 $18 (15. Bxh6 Nc4 $18)) (13... Nxh6 $15 14. Bxh6 gxh6) 14. Nf3 $11 Qg7 15. Qb5 (15. Kf1 $14) 15... Nge7 16. Rxh6 (16. g3 $11) 16... Qxg2 $17 17. Rxe6 $2 (17. Ng5 $17 {is more resistant.}) 17... O-O $19 (17... Qxf3 $2 18. Qxc6+ Kd8 19. Qxa8+ $18) 18. Be3 Qxf3 19. Kd2 a6 $2 (19... Kh8 20. Qd3 Qh3) 20. Qd3 $2 (20. Rg1+ Kh8 21. Qe2) 20... Qf5 $2 (20... Rf5 $19 {and Black stays clearly on top.} 21. Rg1+ Kf7 22. Rf6+ Rxf6 23. Qxh7+ Ke6 24. exf6 Qxf6) 21. Rg1+ $17 Kh8 22. Qxf5 Rxf5 23. Bg5 {[%emt 0:00:37] [#]} Rxf2+ (23... Raf8 $1 $15 24. Bxe7 Rxf2+ 25. Kc1 Nxe7 26. Rxe7 R2f7) 24. Ke1 {[%emt 0:00:06] [#]} (24. Kd1 $11 Rg8 25. Bf6+ Rxf6 26. Rxg8+ Kxg8 27. exf6) 24... Raf8 $1 $15 25. Bf6+ {[%emt 0:01:37] [#]} R2xf6 $1 26. exf6 Ng6 27. Rf1 $2 ({White has to play} 27. Rxc6 $15 Ne5 28. Rxc7 Nf3+ 29. Kf2 Nxg1 30. Kxg1) 27... Nd8 (27... Na5 $19 {Threatens to win with ...Kg8.} 28. Rf5 h6) 28. Re7 $17 c6 (28... Nxe7 $2 29. fxe7 Re8 30. Rf8+ Kg7 31. Rxe8 $18) 29. Ra7 a5 30. Ra6 Re8+ 31. Kd1 Kg8 ({Black should play} 31... Ne5 $1 {Hoping for ...Ndf7.} 32. Re1 Kg8 33. Rxb6 Kf7) 32. Rxb6 Ne5 $1 33. Ra6 Nc4 34. Rf3 {[%emt 0:00:15] [#]} (34. Kc1 $17 {was called for.}) 34... Kf7 $1 $19 35. Ra7+ {[%emt 0:00:07] [#]} (35. Rf2 $142 Rf8 36. Ra7+ Ke6 37. Ra8) 35... Ke6 $1 36. Rxh7 Nf7 37. Rf2 Nce5 (37... Rb8 $142 {Strongly threatening ...Rb1+.} 38. Kc1 Na3) 38. Kc1 (38. Re2 $142) 38... Rg8 39. Rg7 Rh8 40. Kb2 Rb8+ 41. Ka2 Rh8 $2 (41... Nc4 $19 {...Rh8 is the strong threat.} 42. Rfg2 Rb6) 42. Rg1 $2 (42. Kb2 $1 $11 {and White is okay.}) 42... Rh4 43. Kb3 Re4 (43... Rh6 $19 44. Rgf1 Rh3) 44. Rg8 $17 Nd6 {[%emt 0:01:33] Inhibits Re8+.} 45. Ra8 Nd7 (45... Re3 $17 {And now ...Nf3 would win.} 46. Ra7 d4) 46. f7 $1 $11 Nc5+ 47. Kb2 Nxa4+ {[%emt 0:00:35] Pair of Knights!} 48. Kc1 Nxf7 49. Re8+ Kd6 50. Rxe4 dxe4 51. Rxf7 Nxc3 {[%emt 0:00:14][%mdl 4096] Endgame KR-KN} 52. Kd2 Nb5 53. Ke3 Kc5 54. Rf6 a4 55. Kxe4 {[%emt 0:00:00] aiming for Kd3.} a3 56. Kd3 a2 57. Rf1 Kb4 58. Kd2 $2 (58. c4 $11 Nd6 59. Kd4) 58... Nc3 $2 (58... Nd6 $19 59. Kd3 Nb7 60. c3+ Kb3) 59. Ra1 {[%emt 0:04:02] The position is equal.} Nb1+ (59... c5 $5) 60. Kc1 {[%emt 0:00:05] Black must now prevent Kb2.} Ka3 {[%emt 0:00:07] ( -> ...Nc3)} 61. Rxb1 axb1=Q+ 62. Kxb1 Kb4 63. Kb2 Kc4 64. Ka2 $1 Kb4 65. Kb2 Kc4 {[%emt 0:07:38] Weighted Error Value: White=0.52/Black=0.50} 1/2-1/2

[Event "Frauenbundesliga 2021-22"]
[Site "Germany"]
[Date "2022.05.29"]
[Round "11.4"]
[White "Manusina, Nicole"]
[Black "Theissl Pokorna, Regina"]
[Result "0-1"]
[ECO "D32"]
[WhiteElo "2003"]
[BlackElo "2302"]
[Annotator "TA"]
[PlyCount "80"]
[EventDate "2021.11.26"]
[EventType "team-tourn"]
[EventCountry "GER"]
[SourceTitle "playchess.com"]
[Source "ChessBase"]
[SourceQuality "1"]
[WhiteTeam "Lehrte"]
[BlackTeam "Rodewisch"]
[TimeControl "40/5400+30:1800+30"]

1. d4 d5 2. c4 e6 3. Nc3 c5 4. cxd5 exd5 5. Nf3 Nc6 6. e3 Nf6 7. Be2 a6 8. dxc5 Bxc5 9. a3 O-O 10. O-O Bd6 11. h3 {[%emt 0:07:14] D32: Tarrasch Defence: Sidelines and lines without g3.} Bc7 {[%emt 0:03:04] [#]} 12. Bd3 $146 ({Predecessor:} 12. Re1 Qd6 13. Bf1 Re8 14. e4 dxe4 15. Qxd6 Bxd6 16. Nd2 Bf5 17. g4 {0-1 (59) Djoric,D (2270)-Raznikov,D (2474) Skopje 2013}) 12... Qd6 13. Ne2 {[%emt 0:05:18] The position is equal.} Be6 (13... Bd7 $15) 14. Bc2 Rad8 $40 {[%emt 0:07:32][%mdl 128] Black is up to no good.} 15. Rb1 Ne4 16. Bxe4 dxe4 17. Qxd6 Bxd6 18. Nd2 (18. Nfd4 $15) 18... f5 $17 19. b4 Be5 20. b5 {[%emt 0:05:39] [#]} axb5 21. Rxb5 Rd7 22. Rc5 Rfd8 {[%emt 0:05:13] 0x0.001ab558344fdp-1022s more active pieces.} 23. Rc2 Rd3 24. Nc4 Bb8 25. g3 R8d5 {[%emt 0:21:40] Hoping for ...Rc5.} 26. Nd2 Rd8 (26... g5 $17 27. g4 Bd7) 27. Nb1 (27. Nc4 $1 $11 {keeps the balance.}) 27... Ne5 {[%emt 0:01:24] ...Bb3 is the strong threat.} 28. Kg2 Nf3 29. Nbc3 $2 {[%emt 0:08:48] This costs White the game.} (29. Bb2 $17) 29... Be5 $19 30. Nb5 Bb3 31. Rc5 b6 32. Rc6 (32. Rxe5 {was forced.} Nxe5 33. Nbd4) 32... Ba4 {[%emt 0:00:18] A strong pair of Bishops.} 33. Rxb6 Rb3 34. Nbc3 (34. Nec3 $142 Bxc3 35. Nxc3 Rxc3 36. Rb4) 34... Rxb6 35. Nxa4 Rc6 36. Nf4 Ra8 37. Nb2 (37. Nd5 $142 Kf7 38. Nb4 Rxc1 39. Rxc1 Rxa4 40. g4) 37... Rc2 38. Nbd3 exd3 39. Nxd3 {[%emt 0:00:44] [#]} Rc3 (39... Ng5 $142 $1 40. e4 Bf6 41. exf5 Ne4) 40. Rd1 $2 {[%emt 0:01:02] [#]} (40. Nb4) 40... Rxd3 $1 {[%emt 0:00:39] Weighted Error Value: White=0.84/Black=0.35} 0-1

[Event "Frauenbundesliga 2021-22"]
[Site "Germany"]
[Date "2022.05.29"]
[Round "11.5"]
[White "Atalik, Ekaterina"]
[Black "Koepke, Elena"]
[Result "1-0"]
[ECO "E19"]
[WhiteElo "2414"]
[BlackElo "2285"]
[Annotator "TA"]
[PlyCount "115"]
[EventDate "2021.11.26"]
[EventType "team-tourn"]
[EventCountry "GER"]
[SourceTitle "playchess.com"]
[Source "ChessBase"]
[SourceQuality "1"]
[WhiteTeam "Deizisau"]
[BlackTeam "Schwaebisch Hall"]
[TimeControl "40/5400+30:1800+30"]

1. Nf3 Nf6 2. g3 b6 3. Bg2 Bb7 4. c4 e6 5. O-O Be7 6. Nc3 O-O 7. d4 Ne4 8. Qd3 Nxc3 9. Qxc3 d6 10. b3 Bf6 11. Bb2 Nd7 12. Qc2 {[%emt 0:01:48][%cal Of3g5] E19: Queen's Indian: Old Main Line with 7...Ne4 8 Qc2 Nxc3 8 Qxc3.} g6 {[%emt 0:07:15] [#]} 13. h4 $146 ({Predecessor:} 13. e4 Qe7 14. e5 dxe5 15. dxe5 Bg7 16. Rfe1 Rad8 17. h4 c5 18. Rad1 Nb8 19. Ng5 Bxg2 20. Kxg2 {1-0 (52) Nikolic,P (2657)-Markus,R (2586) Murska Sobota 2007}) 13... Bg7 14. h5 {[%emt 0:06:07] The position is equal.} Qe7 15. Rad1 Nf6 16. hxg6 fxg6 17. d5 (17. Ng5 {seems wilder.} Bxg2 18. Kxg2 Ng4 19. Bc1) 17... exd5 18. cxd5 Nxd5 19. Bxg7 Kxg7 20. Nd4 c5 21. Nb5 (21. Qc4 $5) 21... Nf6 (21... a6 {with more complications.} 22. Bxd5 Bxd5 23. Qc3+ Kf7) 22. Bxb7 Qxb7 23. Nxd6 Qe7 24. Rd3 Qe5 (24... Rfd8 $11 25. Rfd1 Rd7) 25. Rfd1 $16 {[%emt 0:08:25] Black must now prevent Re3.} Ng4 {[%emt 0:01:11] [#] Inhibits Re3.} (25... Nh5 $16 {was worth a try.} 26. Rd5 Qe6) 26. Rd5 (26. Rf3 Rad8 27. Qc4 Qh5 28. Rf7+ Rxf7 29. Qxf7+ Kh8 $16) (26. f4 $1 $18 {[%cal Rf4e5] is the precise move to win.} Qe6 27. e4) 26... Qe6 (26... Qf6 $2 27. Ne4 Qe7 28. Rd7 $18) 27. Qe4 {[%emt 0:07:40] Chess con chili.} Qxe4 28. Nxe4 Rae8 29. Rd7+ Kh6 ({Black should try} 29... Kg8) 30. f3 Ne3 31. Rc1 g5 32. Rd6+ (32. Rxa7 g4 $14) 32... Kg7 33. Nxg5 Nf5 34. Rd7+ Kg6 35. Ne4 ({Worse is} 35. Nxh7 Rh8 36. e4 (36. g4 $2 Nd4 $17) 36... Nd4 $15) 35... Nd4 36. Kg2 Nxe2 (36... Re6 $142 37. Rh1 (37. Rxa7 Nxe2 38. Rf1 Nd4 $16) 37... h5) 37. Rh1 $18 Rh8 38. Rxa7 Nd4 39. Rb7 (39. Rh4 $18 {Hoping for Rg4+.} h5 40. Rf4) 39... Re6 $16 40. Rd7 {[%emt 0:01:57] White is more active.} Nb5 $2 {[%emt 0:01:02][%mdl 8192] Black cannot hold the game after this.} (40... Ra8 $16 {is a better chance.}) 41. Rh4 $18 {[%emt 0:06:22] Strongly threatening Rg4+. White is clearly winning.} h5 {[%emt 0:08:32] Inhibits Rg4+.} 42. g4 Nd4 43. gxh5+ Rxh5 44. Rg4+ Kh6 45. Rd8 Kh7 {[%emt 0:02:10] Prevents Rh8+.} 46. Rf8 Rhe5 47. Nf6+ Rxf6 48. Rxf6 {[%emt 0:00:04][%mdl 4096] Endgame KRR-KRN} Re2+ 49. Kg3 Rxa2 50. Rxb6 {[%emt 0:00:37] aiming for b4.} Rb2 51. Re4 {[%emt 0:01:23] Intending Re7+ and mate.} Kg8 52. b4 Ne2+ 53. Kg4 Nc3 {[%emt 0:00:18] [#]} 54. bxc5 $1 Rg2+ 55. Kh3 Rf2 56. Rg4+ Kf7 57. Rf4+ Ke7 58. Rb3 {[%emt 0:01:55] Weighted Error Value: White=0.10 (very precise) /Black=0.41} 1-0

[Event "Frauenbundesliga 2021-22"]
[Site "Germany"]
[Date "2022.05.29"]
[Round "11.5"]
[White "Belenkaya, Dina"]
[Black "Zatonskih, Anna"]
[Result "1/2-1/2"]
[ECO "C42"]
[WhiteElo "2254"]
[BlackElo "2386"]
[Annotator "TA"]
[PlyCount "206"]
[EventDate "2021.11.26"]
[EventType "team-tourn"]
[EventCountry "GER"]
[SourceTitle "playchess.com"]
[Source "ChessBase"]
[SourceQuality "1"]
[WhiteTeam "Bad Koenigshofen"]
[BlackTeam "Baden-Baden"]
[TimeControl "40/5400+30:1800+30"]

1. e4 e5 2. Nf3 Nf6 3. Nxe5 d6 4. Nf3 Nxe4 5. Qe2 Qe7 6. Nc3 Nxc3 7. dxc3 Qxe2+ 8. Bxe2 Be7 {[%emt 0:07:15] C42: Petroff Defence: 3 Nxe5 and unusual White 3rd moves.} 9. Bf4 Nc6 10. O-O-O Bd7 11. Rhe1 {[%emt 0:03:00] [#]} O-O-O $146 ({Predecessor:} 11... O-O 12. Nd4 Nxd4 13. cxd4 Bc6 14. d5 Bd7 15. Bb5 Bxb5 16. Rxe7 Rac8 17. b3 Rfe8 18. Rxe8+ Bxe8 {½-½ (26) Tiwari,A (2341)-Laxman,R (2479) New Delhi 2010}) 12. h4 h6 13. h5 Bf6 14. Nh2 Rde8 (14... Bg5 $5 15. Bd2 Rde8 $11) 15. Nf1 Re7 16. Bd2 Rhe8 17. Ne3 d5 18. Bd3 Bg5 19. Rf1 Bxe3 20. Bxe3 Ne5 21. Be2 ({Much weaker is} 21. Bxa7 Nxd3+ 22. Rxd3 b6 23. Rxd5 Bc6 $19) 21... Nc4 22. Bxc4 dxc4 23. Rd4 b5 24. Rfd1 a6 25. Rf4 f6 26. Rfd4 Bf5 27. a4 Be4 28. Rg1 Re6 29. a5 Re5 30. Rh1 R8e7 31. Rh2 R5e6 32. Rd2 Bc6 33. b3 cxb3 34. cxb3 Re5 35. Rd4 Be8 36. Rdh4 Rf5 37. R2h3 Rfe5 38. Kb2 Rd7 39. Kc2 Bf7 40. Kb2 Red5 41. Rh1 Re5 42. R1h3 Red5 43. Ka3 Re5 44. Rh1 Red5 45. Kb4 Re5 46. c4 bxc4 47. bxc4 Be6 48. Rf4 Rd3 49. Rfh4 Kb7 50. Rb1 Kc6 51. Rb2 Kd6 ({Black should try} 51... Bf7 $15) 52. Rd2 $1 $11 ({Don't go for} 52. Bf4 $2 c5+ 53. Ka4 Bd7+ 54. Rb5 axb5+ $19) 52... Rxd2 53. Bxd2 {[%emt 0:00:02][%mdl 4096] Endgame KRB-KRB} Kc6 54. Be3 Bd7 55. Bd4 Rg5 56. g3 Rg4 57. Bc5 Rxh4 (57... Rg5 $11 58. Bf8 Bf5) 58. gxh4 {[%emt 0:00:01] KB-KB} Bg4 59. Bf8 Bxh5 60. Bxg7 f5 (60... Kd6 $14) 61. Bxh6 {[%emt 0:00:11] aiming for Bf4.} Kd7 $2 {[%emt 0:01:37] [#]} (61... Be2 $16 {is a better defense.}) 62. Kc5 $1 $18 {[%emt 0:00:15] Hoping for Bf4.} Bf7 63. Bf4 {[%emt 0:00:33] Black must now prevent Kd4.} Bh5 $2 (63... c6 $16) 64. Kd4 Be2 65. Kd5 c6+ 66. Ke5 Bxc4 67. Kf6 Ke8 68. Bd6 Be2 69. Kg6 Bc4 70. f4 Bf7+ 71. Kxf5 Bg8 72. Kf6 Bf7 73. f5 Bh5 74. Kg5 (74. Bc5 $142 Bf7 75. Kg7 Bh5 76. Kh6 Bg4 77. Kg6 Bxf5+ 78. Kxf5 Kf7 79. h5) 74... Be2 75. Kg6 {[%emt 0:00:07] Threatening mate with Bc5.} Bc4 76. Bc5 Bf7+ 77. Kf6 (77. Kg7 $142 Bh5 78. Kh6 Bf7 79. h5 Bb3 80. Kg7 Bc2 81. f6 Kd7 82. f7) 77... Bg8 78. h5 Bh7 79. h6 Kd7 80. Bb4 Ke8 81. Ke6 {[%emt 0:00:55] White wants to mate with f6.} Bg8+ 82. Kf6 Bh7 $1 83. Bc5 Kd7 84. Ba3 Ke8 85. Be7 Kd7 86. Bf8 Ke8 87. Ba3 Kd7 88. Ke5 Ke8 89. Ke6 {[%emt 0:00:46] White threatens f6 and mate.} Bg8+ {[%emt 0:00:53] [#]} 90. Kd6 $1 Bh7 91. f6 {[%emt 0:00:19] Intending Ke6 and mate.} Kf7 92. Bb2 Bg8 93. Bd4 c5 94. Kxc5 $2 (94. Bb2 $18 Bh7 95. Kxc5) 94... Kg6 $14 95. Kb6 Bc4 $1 96. Kc5 Bg8 97. Kb6 Bc4 $1 98. f7 Bxf7 99. Kxa6 (99. Be3 $14 Bc4 100. Kc6) 99... Kxh6 {[%emt 0:05:31] The position is equal.} 100. Kb6 Bd5 101. a6 Kg6 102. a7 Kf5 103. a8=Q Bxa8 {[%emt 0:00:00] Blacks defense is rewarded with a draw.  Weighted Error Value: White=0.07 (flawless) /Black=0.10 (very precise)} 1/2-1/2

[Event "Frauenbundesliga 2021-22"]
[Site "Germany"]
[Date "2022.05.29"]
[Round "11.5"]
[White "Miturova, Magdalena"]
[Black "Zschischang, Marine"]
[Result "1-0"]
[ECO "C13"]
[WhiteElo "2217"]
[BlackElo "2076"]
[Annotator "TA"]
[PlyCount "105"]
[EventDate "2021.11.26"]
[EventType "team-tourn"]
[EventCountry "GER"]
[SourceTitle "playchess.com"]
[Source "ChessBase"]
[SourceQuality "1"]
[WhiteTeam "Rodewisch"]
[BlackTeam "Lehrte"]
[TimeControl "40/5400+30:1800+30"]

1. e4 e6 2. d4 d5 3. Nc3 dxe4 4. Nxe4 Nd7 5. Nf3 Ngf6 6. Bg5 Be7 7. Nxf6+ Bxf6 {[%emt 0:00:04] 7...Bxf6 is better than 7...Nxf6.} 8. h4 c5 9. dxc5 {[%emt 0:01:40] C13: French: Classical System: 4 Bg5 Be7, Alekhine-Chatard Attack.} Qa5+ 10. c3 Qxc5 11. Bd3 {[%emt 0:08:50] White is slightly better.} Ne5 {[%emt 0:03:14] [#]} 12. Be4 $146 ({Predecessor:} 12. Be3 Nxd3+ 13. Qxd3 Qc7 14. O-O-O Bd7 15. Bd4 Qf4+ 16. Kb1 Bc6 17. Be3 Qe4 18. Qxe4 Bxe4+ 19. Kc1 O-O {½-½ (19) Baskin,R (2392)-Dixit,N (2321) Sharjah 2021}) 12... Nxf3+ 13. Qxf3 Bxg5 14. hxg5 Qxg5 15. Rh5 Qe7 (15... Qf6 $1 $14 {is superior.}) 16. O-O-O {[%emt 0:01:01] White is much more active. The black rooks are badly placed.} ({Much worse is} 16. Rxh7 Rxh7 17. Bxh7 g6 $15) (16. Bxh7 $16 {Hoping for 0-0-0.} Qf6 17. Be4 Rxh5 18. Qxh5) 16... f5 $11 17. Bc6+ {[%emt 0:05:07][%mdl 1024] White has compensation.} Kf7 {[%emt 0:02:58] White must now prevent ...g6.} 18. Ba4 g6 19. Rh3 h5 (19... Qg5+ $142 $1 20. Kb1 Qg4 21. Qxg4 fxg4) 20. Qf4 e5 21. Bb3+ Kg7 $1 22. Re3 e4 (22... Re8 $5 23. Rde1 e4 $11) 23. f3 g5 24. Qh2 Qc5 $2 (24... a5 $14) 25. Re2 $18 h4 (25... Qe7 $142 26. Rd5 a6 27. fxe4 f4) 26. Rd5 Qe7 27. fxe4 f4 28. Qg1 Bg4 29. Qd4+ Kh6 30. Rd6+ Kh5 {[%emt 0:06:23] [#]} 31. Rd2 (31. Rf2 $1 $16 Rh6 32. Rd5) 31... Rh6 {[%emt 0:04:31] [#]} (31... Rae8 $14) 32. Rd5 ({White should play} 32. Qc5 $1 $16 {Threatening mate with Rxh6+.} Rxd6 33. Rxd6) 32... Re8 33. e5 $36 {[%emt 0:00:32][%mdl 2048] Black is under pressure.} b6 34. Qe4 {[%emt 0:04:00] And now Rd6 would win.} Qh7 35. Qa4 Re7 36. Bc2 Qf7 37. Bd1 {[%emt 0:01:46] Bxg4+ is the strong threat.} Qf5 38. e6 Qxe6 {[%emt 0:00:15][%mdl 8192] White leaves nothing to chance now.} (38... Bxd1 $11 39. Qxd1+ (39. Rxf5 $2 {loses.} Bxa4 40. Rdd5 Rg6 $19) 39... Qg4 40. Rxg5+ (40. Qxg4+ $2 Kxg4 41. Kc2 Rhxe6 $19) 40... Kxg5 41. Rd5+ Qf5) 39. Qxf4 $1 Rg6 40. R2d4 Qe3+ 41. Qxe3 Rxe3 42. Bxg4+ Kh6 43. Rd6 Rg3 44. Rxg6+ Kxg6 {[%emt 0:00:01][%mdl 4096] Endgame KRB-KR} 45. Bh3 (45. Bf3 $18) 45... Kf6 $2 (45... Kh5 $16 46. Bd7 Rxg2) 46. Kd2 a5 47. Rg4 {[%emt 0:00:00] White mates.} Rxg4 48. Bxg4 {[%emt 0:00:00] KB-KP} Ke5 49. Ke3 Kd5 50. b3 b5 51. Bd7 b4 52. c4+ Ke5 53. Bg4 {[%emt 0:00:00] Weighted Error Value: White=0.26 (precise) /Black=0.38} 1-0

[Event "Frauenbundesliga 2021-22"]
[Site "Germany"]
[Date "2022.05.29"]
[Round "11.5"]
[White "Daemering, Katrin"]
[Black "Brandt, Carina"]
[Result "1/2-1/2"]
[ECO "A07"]
[WhiteElo "1966"]
[BlackElo "2061"]
[Annotator "TA"]
[PlyCount "80"]
[EventDate "2021.11.26"]
[EventType "team-tourn"]
[EventCountry "GER"]
[SourceTitle "playchess.com"]
[Source "ChessBase"]
[SourceQuality "1"]
[WhiteTeam "Leipzig"]
[BlackTeam "Harksheide"]
[TimeControl "40/5400+30:1800+30"]

1. Nf3 Nf6 2. g3 g6 3. Bg2 Bg7 4. d3 d5 5. O-O O-O 6. Nbd2 c6 7. e4 Nfd7 {[%emt 0:01:51] A07: Réti Opening: New York and Capablanca Systems.} 8. Ne1 {[%emt 0:08:10] [#]} (8. Re1 $14) 8... Nc5 $146 ({Predecessor:} 8... e6 9. f4 Bd4+ 10. Kh1 f6 11. Bh3 Qe7 12. Qe2 Re8 13. Nef3 Bb6 14. e5 f5 15. Nb3 {0-1 (43) Garcia Manuel,V-Caporale,G Sao Paulo 2000}) 9. f4 dxe4 $1 {[%emt 0:05:14] Black is slightly better.} 10. dxe4 e5 (10... Na4 {is more complex.} 11. Nd3 Nxb2 12. Bxb2 Bxb2 13. Nxb2 Qd4+) 11. Kh1 exf4 12. gxf4 Qh4 13. Qf3 Rd8 (13... Bg4 $15 14. Qe3 Qh5) 14. Nc4 (14. e5 $11 {keeps the balance.}) 14... Be6 (14... Bg4 $5 15. Qe3 Bd4 $15) 15. Ne3 f5 ({Black should try} 15... Nbd7 $15) 16. exf5 $14 gxf5 (16... Bxf5 $2 17. Nxf5 gxf5 18. Bh3 $18) 17. Qg3 (17. Bh3 $14) 17... Qf6 (17... Qxg3 $11 18. hxg3 Nbd7) 18. Rg1 (18. Nf3 $14) 18... Kh8 $15 19. Bf3 Bh6 (19... Nba6 $15) 20. N1g2 $14 Nba6 21. a3 ({Better is} 21. Qh3 $1 $14) 21... Ne4 $2 (21... Nc7 $11) 22. Bxe4 $18 fxe4 23. Ng4 $2 (23. f5 $18 {And now Ng4 would win.} Rg8 24. Qd6 (24. Ng4 Bxc1 25. Nxf6 Rxg3 $16)) 23... Bxg4 $14 24. Qxg4 Rg8 25. Qe2 Nc5 (25... Qd4 26. Qh5 (26. Rd1 Qg7 $14) 26... Qd6 27. Be3 $16) 26. Be3 Ne6 27. c3 Qf5 (27... Nxf4 $2 28. Nxf4 c5 29. Raf1 $18) (27... Bxf4 $2 28. Raf1 $18) 28. Qf2 Rg4 29. Nh4 Rxg1+ $1 30. Rxg1 Qf7 {[%emt 0:00:16][%mdl 8192] [#]} (30... Qf6 $14) 31. Bxa7 $2 (31. f5 $1 $18 {[%cal Rf5e6] and the rest is easy.} Bxe3 32. Qxe3) 31... Rf8 $2 {[%emt 0:01:37] [#]} (31... Bf8 $16) 32. f5 $1 $18 Bg5 $2 (32... e3 33. Qg3 (33. Bxe3 Bxe3 34. Qxe3 Ng7 $18) 33... Ng7) 33. Bd4+ $2 (33. fxe6 Qxf2 34. Bxf2) 33... Nxd4 34. Qxd4+ ({White must play} 34. Rxg5 $16 Nf3 35. Nxf3 exf3 36. Qxf3) 34... Bf6 $11 {[%emt 0:00:11] The position is equal.} 35. Qxe4 Bxh4 36. Qxh4 {[%emt 0:00:03] KQR-KQR} Qd5+ 37. Rg2 {[%emt 0:00:01] aiming for Qg4.} Qd1+ (37... Rxf5 38. Qe1 Rg5 39. Qe8+ Kg7 40. Qe7+ Kh6 41. Qxg5+ Qxg5 42. Rxg5 Kxg5 43. Kg2 $16) 38. Rg1 Qd5+ 39. Rg2 {[%emt 0:00:03] Hoping for Qg4.} Qd1+ ({Don't play} 39... Rxf5 40. Qe1 Rg5 41. Qe8+ Kg7 42. Qe2 $14) 40. Rg1 Qd5+ {[%emt 0:01:15] Weighted Error Value: White=0.65/Black=0.69} 1/2-1/2

[Event "Frauenbundesliga 2021-22"]
[Site "Germany"]
[Date "2022.05.29"]
[Round "11.5"]
[White "Giebel, Christine"]
[Black "Fuchs, Judith"]
[Result "0-1"]
[ECO "B22"]
[WhiteElo "1833"]
[BlackElo "2229"]
[Annotator "TA"]
[PlyCount "76"]
[EventDate "2021.11.26"]
[EventType "team-tourn"]
[EventCountry "GER"]
[SourceTitle "playchess.com"]
[Source "ChessBase"]
[SourceQuality "1"]
[WhiteTeam "Loeberitz"]
[BlackTeam "Hamburger SK"]
[TimeControl "40/5400+30:1800+30"]

1. e4 c5 2. c3 d5 3. e5 a6 4. d4 Nc6 5. f4 cxd4 6. cxd4 {[%emt 0:01:38] [#] B22: Sicilian: 2 c3.} Nh6 $146 ({Predecessor:} 6... Bf5 7. Nf3 e6 8. Nc3 Bb4 9. a3 Ba5 10. Be2 Nge7 11. O-O O-O 12. Kh1 Bb6 {0-1 (32) Baez,O (1600)-Galvis Buitrago,P Manizales 2014}) 7. Nc3 Bf5 8. Bd3 (8. Nf3 $11) 8... e6 9. Nf3 Qb6 10. Bb1 (10. a3 $15 {is more appropriate.}) 10... Bg4 $17 11. Ne2 Bxf3 12. gxf3 Bb4+ 13. Bd2 Be7 {[%emt 0:01:28][%cal Bb4e7,Be7h4,Bh4d8][%mdl 32] Black is more active.} (13... Nxd4 $2 14. Nxd4 Rc8 15. a3 (15. Qa4+ Rc6 $18) 15... Bxd2+ 16. Qxd2 $18) 14. Bc3 Bh4+ 15. Ng3 g6 16. O-O Qa7 17. a4 Bd8 18. Qd2 Bb6 19. Rd1 a5 20. Kh1 Ng8 21. Bd3 $2 (21. Ne2 $11) 21... Bxd4 $19 22. Bxd4 Qxd4 23. Ne2 Qb6 24. Nc3 Nge7 25. Nb5 O-O 26. Rg1 Kh8 (26... f6 $19 27. exf6 Rxf6) 27. Qg2 (27. Rae1 $17 {was called for.}) 27... Nb4 28. Bb1 Qe3 29. Qg5 Ng8 (29... Qxf3+ $19 30. Rg2 {[#]} Rac8 $1) 30. Ra3 $17 Qd2 31. Rc3 Nc6 (31... Rac8 $142 32. Rg2 Qd1+ 33. Rg1 Qd2) 32. Nd6 (32. h4 $17) 32... Qxb2 $19 33. Nxf7+ $2 (33. Re3) 33... Rxf7 34. Bxg6 hxg6 ({Worse is} 34... Qxc3 35. Bxf7 Qxf3+ 36. Rg2 Qf1+ 37. Rg1 Qf3+ 38. Rg2 Qd1+ 39. Rg1 Qf3+ $11) 35. Qxg6 Rh7 {[%emt 0:00:44][%csl Gh7][%cal Rb2h2] [#]} ({Weaker is} 35... Qxc3 36. Qxf7 Qxf3+ 37. Rg2 Qf1+ 38. Rg1 Qxg1+ 39. Kxg1 $17) 36. Rc2 Qb3 37. Rg3 Nce7 38. Rcg2 Nxg6 {[%emt 0:00:00] Weighted Error Value: White=0.85/Black=0.16 (very precise)} 0-1

[Event "Frauenbundesliga 2021-22"]
[Site "Germany"]
[Date "2022.05.29"]
[Round "11.6"]
[White "Tammert, Iamze"]
[Black "Obolentseva, Alexandra"]
[Result "1/2-1/2"]
[ECO "E64"]
[WhiteElo "2302"]
[BlackElo "2305"]
[Annotator "TA"]
[PlyCount "51"]
[EventDate "2021.11.26"]
[EventType "team-tourn"]
[EventCountry "GER"]
[SourceTitle "playchess.com"]
[Source "ChessBase"]
[SourceQuality "1"]
[WhiteTeam "Baden-Baden"]
[BlackTeam "Bad Koenigshofen"]
[TimeControl "40/5400+30:1800+30"]

1. c4 Nf6 2. Nc3 g6 3. g3 Bg7 4. Bg2 O-O 5. d4 d6 6. Nf3 c5 7. dxc5 dxc5 8. Qxd8 Rxd8 9. Be3 {[%emt 0:00:03] E64: King's Indian: Fianchetto: 6...c5 7 d5.} Na6 10. Ne5 Ne8 11. f4 {[%emt 0:09:47] The position is equal.} Nd6 12. Rd1 f6 13. Nf3 {[%emt 0:00:34] [#]} (13. Nd3 $5 ) 13... Be6 $146 ({Predecessor:} 13... b6 14. Ne5 Bb7 15. Bxb7 Nxb7 16. Rxd8+ Nxd8 {½-½ (16) Petrosyan,M (2628)-Pantsulaia,L (2553) Chess.com INT 2020}) 14. b3 Nf5 15. Bf2 Rxd1+ 16. Kxd1 b6 17. Kc1 Nc7 18. Rd1 Nd6 19. h3 Rb8 20. e4 Nf7 21. Kc2 Kf8 22. g4 {[%emt 0:04:07] aiming for f5.} Rd8 23. Rxd8+ Nxd8 24. f5 {[%emt 0:00:41] [#] And now Bg3 would win.} Bd7 25. Bg3 Ne8 26. Bf4 {[%emt 0:11:38] Weighted Error Value: White=0.10 (very precise) /Black=0.08 (flawless)} 1/2-1/2